 Dungeon Crawl Stone Soup version 0.28.0-43-g3370ac3207 (webtiles) character file.

Game seed: 11833834193936795281

14188 mortz the Thaumaturge (level 12, -2/84 HPs)
             Began as a Djinni Conjurer on Mar 20, 2022.
             Was a Priest of Makhleb.
             Shot with an arrow by a centaur warrior (16 damage)
             ... on level 12 of the Dungeon.
             The game lasted 01:27:45 (14165 turns).

mortz the Thaumaturge (Djinni Conjurer)            Turns: 14165, Time: 01:27:45

Health: -2/84      AC:  7    Str:  8    XL:     12   Next: 42%
Gold:   1219       EV: 20    Int: 23    God:    Makhleb [***...] SH:  6 Dex: 23

rFire   + + +      SeeInvis .   E - +8 short sword of the Saviour {vorpal, *Rage rElec rN+ Will+++, short}
rCold   x . .      Faith    .   H - +0 buckler
rNeg    + . .      Spirit   .   U - +0 troll leather armour
rPois   ∞          Reflect  .   e - +0 helmet "Ezaf" {*Corrode rF+++ Dex+5 Stlth-}
rElec   +          Harm     .   A - +0 cloak
rCorr   .          Rampage  .   (no gloves)
Will    ++++.      Rage     20% (boots unavailable)
Stlth   ++........              K - amulet of regeneration {@e2}
HPRegen 1.84/turn               o - +6 ring of dexterity
MPRegen 0.00/turn               f - +4 ring of evasion

@: flying, studying Stealth
A: sickness immunity, fire resistance 2, cold vulnerability 1, float, innate
caster, HP casting, extra vitality 1
a: Renounce Religion, Minor Destruction, Lesser Servant of Makhleb


You were on level 12 of the Dungeon.
You worshipped Makhleb.
Makhleb was most pleased with you.
You visited 2 branches of the dungeon, and saw 13 of its levels.

You collected 1964 gold pieces.
You spent 745 gold pieces at shops.


Innate Abilities, Weirdness & Mutations

You are immune to sickness and miasma.
You are immune to poison.
Your flesh is very heat resistant. (rF++)
You are vulnerable to cold. (rC-)
You float through the air rather than walking.
You learn spells naturally, not from books.
Your magical power is your life essence.
You have superior vitality. (+4 MHP)


   Skills:
 + Level 6.5 Fighting
 + Level 5.2(5.3) Short Blades
 + Level 1.3(3.5) Long Blades
 + Level 1.2 Maces & Flails
 + Level 6.8 Armour
 + Level 6.5 Dodging
 + Level 5.6 Stealth
 + Level 4.5 Shields
 + Level 10.6 Spellcasting


You had 3 spell levels left.
You knew the following spells:

 Your Spells              Type           Power      Damage    Failure   Level
a - Magic Dart            Conj           100%       1d8       1%          1
b - Searing Ray           Conj           100%       2d8       1%          2
c - Dazzling Flash        Conj/Hex       100%       N/A       1%          3
d - Fulminant Prism       Conj/Hex       28%        3d14      1%          4
e - Iskenderun's Mystic   Conj/Tloc      57%        2d12      1%          4
f - Apportation           Tloc           100%       N/A       1%          1
g - Passwall              Tmut/Erth      47%        N/A       1%          2
h - Stone Arrow           Conj/Erth      100%       3d13      1%          3
i - Cause Fear            Hex            28%        N/A       1%          4
j - Irradiate             Conj/Tmut      28%        3d22      3%          5
Your spell library was empty.

Inventory:

Hand Weapons
 g - a +6 dagger {short}
   (You took it off a wight on level 8 of the Dungeon)
 j - a +2 trident of freezing {polearm}
   (You took it off Blork the orc on level 4 of the Dungeon)
 m - a +5 long sword {long}
   (You took it off a wight on level 7 of the Dungeon)
 v - a +0 dire flail {mace}
   (You found it on level 3 of the Dungeon)
 y - a +5 dagger of venom {short}
   (You took it off a kobold on level 4 of the Dungeon)
 E - the +8 short sword of the Saviour (weapon) {vorpal, *Rage rElec rN+ Will+++, short}
   (You found it on level 5 of the Dungeon)

   It inflicts extra damage upon your enemies.
   rElec:     It insulates you from electricity.
   rN:        It protects you from negative energy.
   *Rage:     It berserks you when you make melee attacks (+20% chance).
   Will:      It greatly increases your willpower.
 I - a +2 halberd of draining {polearm}
   (You took it off Maggie on level 6 of the Dungeon)
 O - a +6 vampiric trident {polearm}
   (You took it off a gnoll sergeant on level 9 of the Dungeon)
Missiles
 k - 429 stones {throwing}
 x - 4 atropa-tipped darts {throwing}
 D - 9 poisoned darts {throwing}
Armour
 e - the +0 helmet "Ezaf" (worn) {*Corrode rF+++ Dex+5 Stlth-}
   (You bought it in a shop on level 7 of the Dungeon)

   Dex:       It affects your dexterity (+5).
   rF:        It renders you almost immune to fire.
   *Corrode:  It may corrode you when you take damage.
   Stlth:     It makes you less stealthy.
 i - a +1 helmet
   (You found it on level 1 of the Dungeon)
 s - a +0 kite shield
   (You found it on level 8 of the Dungeon)
 A - a +0 cloak (worn)
   (You found it on level 4 of the Dungeon)
 H - a +0 buckler (worn)
   (You took it off a gnoll on level 6 of the Dungeon)
 J - +0 acid dragon scales
   (You took it off Maggie on level 6 of the Dungeon)
 U - a +0 troll leather armour (worn)
   (You found it on level 11 of the Dungeon)
Magical Staves
 u - a staff of poison {!astaff}
   (You found it on level 2 of the Dungeon)
 N - a staff of poison {!astaff}
   (You found it on level 9 of the Dungeon)
Jewellery
 f - a +4 ring of evasion (right hand)
   (You bought it in a shop on level 4 of the Dungeon)
 o - a +6 ring of dexterity (left hand)
   (You found it on level 2 of the Dungeon)
 K - an amulet of regeneration (around neck) {@e2}
   (You took it off an orc on level 8 of the Dungeon)
 Q - a ring of protection from fire
   (You found it on level 10 of the Dungeon)
 S - a ring of positive energy
   (You took it off an orc on level 10 of the Dungeon)
 T - a ring of ice
   (You took it off an orc on level 10 of the Dungeon)
 X - an amulet of the acrobat
   (You found it on level 12 of the Dungeon)
Wands
 a - a wand of iceblast (6)
   (You found it on level 6 of the Dungeon)
 L - a wand of flame (35)
   (You found it on level 9 of the Dungeon)
Scrolls
 b - 6 scrolls of vulnerability {!r!r}
 c - a scroll of fog
 l - 5 scrolls of teleportation {@r4}
 p - a scroll of enchant armour {unknown}
 q - 2 scrolls of enchant weapon
 t - 3 scrolls of immolation {!r!r}
 w - a scroll of magic mapping {unknown}
 B - a scroll of blinking {unknown}
 V - a scroll of silence {unknown}
 W - 2 scrolls of identify {@r1}
Potions
 d - a potion of cancellation {unknown}
 h - 3 potions of heal wounds {@q2}
 n - a potion of ambrosia {unknown}
 r - 2 potions of lignification {!q}
 z - 2 potions of brilliance
 C - a potion of mutation {unknown}
 F - 3 potions of curing {@q1}
 G - 2 potions of might {unknown}
 M - 2 potions of magic {unknown}
 P - a potion of resistance {unknown}
 R - 2 potions of haste {unknown}

Dungeon Overview and Level Annotations

Branches:
Dungeon (12/15)            Temple (1/1) D:7            Lair (0/6) D:9
    Orc (0/2) D:12

Altars:
Ashenzari
Cheibriados
Dithmenos
Elyvilon
Fedhas
Gozag
Hepliaklqana
Kikubaaqudgha
Makhleb
Nemelex Xobeh
Okawaru
Qazlal
Ru
Sif Muna
Trog
Uskayaw
Vehumet
Wu Jian
Xom
Yredelemnul
Zin
The Shining One

Shops:
D:2 [   D:4 (=[: D:7

[ #....##..........#
####.##..........#
#######.##..........#
..........<)..>....)#
....................###
#.###..................#
............#.#####....#
......).......# #....#
....###@####### ######
#.## ##[## #.(.#
####.#### #.##.##.##.##.
#....c..)co...
#.##.##.##.##( #.##.####
###...#


You could see a centaur warrior.


Message History

The stone arrow hits the tengu conjurer!
You kill the tengu conjurer!
Makhleb accepts your kill.
You feel better. 😎 HP[+1]
Your hp is fully restored (84).
You now have 1170 gold pieces (gained 8).
X - an amulet of the acrobat Shopping list: removing an amulet of the acrobat on D:4 You now have 1191 gold pieces (gained 21).
You now have 1219 gold pieces (gained 28).
W - 2 scrolls of identify {@r1} (gained 1)
A cyclops comes into view.
Aiming: Magic Dart (safe; 1% risk of failure)
Press: ? - help, Q - select action, (/) - cycle Shift-Dir - straight line, f - cyclops
Aim: a cyclops, quivering large rocks (asleep, 100% to hit)
The magic dart hits the cyclops.
The cyclops shouts!
Aiming: Magic Dart (safe; 1% risk of failure)
Press: ? - help, Q - select action, (/) - cycle Shift-Dir - straight line, f/p - cyclops
Aim: a cyclops, quivering large rocks (lightly wounded, 100% to hit)
The magic dart hits the cyclops.
A centaur warrior comes into view.
Aiming: Magic Dart (safe; 1% risk of failure)
Press: ? - help, Q - select action, (/) - cycle Shift-Dir - straight line, f/p - cyclops
Aim: a cyclops, quivering large rocks (lightly wounded, 100% to hit)
The magic dart hits the cyclops.
The centaur warrior shouts!
Aiming: Magic Dart (safe; 1% risk of failure)
Press: ? - help, Q - select action, (/) - cycle Shift-Dir - straight line, f/p - cyclops
Aim: a cyclops, quivering large rocks (moderately wounded, 100% to hit)
The magic dart hits the cyclops.
Casting: Magic Dart (safe; 1% risk of failure)
Confirm with . or Enter, or press ? or * to list all spells.
Aiming: Stone Arrow (safe; 1% risk of failure)
Press: ? - help, Shift-Dir - straight line, f/p - cyclops
Aim: a cyclops, quivering large rocks (moderately wounded, 98% to hit)
The stone arrow hits the cyclops!
The cyclops throws a large rock.
The large rock hits you!!!
* * * LOW HITPOINT WARNING * * *
😨 HP[-42]
You take 42 damage, and now have 42/84 hp.
MASSIVE DAMAGE!! (PAUSE)
Casting: Stone Arrow (safe; 1% risk of failure)
Confirm with . or Enter, or press ? or * to list all spells.
Aiming: Stone Arrow (safe; 1% risk of failure)
Press: ? - help, Shift-Dir - straight line, f/p - cyclops
Aim: a cyclops, quivering large rocks (heavily wounded, 98% to hit)
The stone arrow hits the cyclops!
* * * LOW HITPOINT WARNING * * *
The centaur warrior wields a +0 shortbow.
The centaur warrior shoots an arrow.
The arrow hits you!
* * * LOW HITPOINT WARNING * * *
The centaur warrior shoots an arrow.
The arrow completely misses you. 😨 HP[-16]
You take 16 damage, and now have 26/84 hp.
Casting: Stone Arrow (safe; 1% risk of failure)
Confirm with . or Enter, or press ? or * to list all spells.
Aiming: Stone Arrow (safe; 1% risk of failure)
Press: ? - help, Shift-Dir - straight line, f/p - cyclops
Aim: a cyclops, quivering large rocks (severely wounded, 98% to hit)
The stone arrow hits the cyclops!
* * * LOW HITPOINT WARNING * * *
😨 HP[-1]
You take 1 damage, and now have 25/84 hp.
Casting: Stone Arrow (safe; 1% risk of failure)
Confirm with . or Enter, or press ? or * to list all spells.
Aiming: Searing Ray (safe; 1% risk of failure)
Press: ? - help, Shift-Dir - straight line, f/p - cyclops
Aim: a cyclops, quivering large rocks (almost dead, 98% to hit)
The searing ray hits the cyclops!
You kill the cyclops!
Makhleb accepts your kill.
You feel better.
The searing ray hits the centaur warrior. (Press . to maintain the ray.)
* * * LOW HITPOINT WARNING * * *
The centaur warrior shoots an arrow.
You block the arrow.
An orc warrior comes into view. It is wielding a +0 hand axe.
The centaur warrior shoots an arrow.
You block the arrow. 😨 HP[+6]
You regained 6 hp, and now have 31/84 hp.
The centaur warrior shoots an arrow.
The arrow closely misses you. 😨 HP[+2]
You regained 2 hp, and now have 33/84 hp. 😨 HP[+1] 😨 HP[+2]
You regained 2 hp, and now have 36/84 hp.
Things that are here:
4 large rocks {=fthrowing}; a manticore corpse 😨 HP[+2]
You regained 2 hp, and now have 38/84 hp.
Things that are here:
a +0 troll leather armour; a troll corpse 😨 HP[+2]
You regained 2 hp, and now have 40/84 hp.
The centaur warrior shoots an arrow.
The arrow hits you!!
* * * LOW HITPOINT WARNING * * *
The centaur warrior shoots an arrow.
The arrow hits you!
You die...

Skill      XL: |  1  2  3  4  5  6  7  8  9 10 11 12 |
---------------+-------------------------------------+-----
Spellcasting   | 4 5 6 7 8 9 10 | 10.6
Fighting       | 1 2 3 5 6 |  6.5
Long Blades    | 1 |  1.3
Maces & Flails | 1 |  1.2
Stealth        | 2 3 4 5 |  5.6
Short Blades   | 2 3 4 5 |  5.2
Dodging        | 3 4 6 |  6.5
Armour         | 2 4 5 6 |  6.8
Shields        | 1 3 4 |  4.5

Action                   |  1- 3 |  4- 6 |  7- 9 | 10-12 || total
-------------------------+-------+-------+-------+-------++-------
Melee: Dagger            |     1 |       |       |       ||     1
       Dire flail        |       |     2 |       |       ||     2
       Short sword       |       |       |    26 |    23 ||    49
 Cast: Magic Dart        |    38 |    31 |    72 |    93 ||   234
       Searing Ray       |    10 |    11 |    47 |    48 ||   116
       Passwall          |       |     2 |       |       ||     2
       Stone Arrow       |       |       |     4 |    92 ||    96
       Fulminant Prism   |       |       |     3 |       ||     3
  Use: Scroll            |       |     2 |     4 |     8 ||    14
Armor: Robe              |     5 |     3 |       |       ||     8
       Leather armour    |       |       |    10 |       ||    10
       Acid dragon scale |       |       |     6 |    28 ||    34
       Troll leather arm |       |       |       |     6 ||     6
Dodge: Dodged            |     5 |    16 |    33 |    77 ||   131
Block: Buckler           |       |       |     7 |    37 ||    44

Levels and vault maps discovered:
D:1:      evilmike_arrival_crescent, layout_basic
D:2:      layout_loops_ring, serial_shops, nicolae_shop_waterfront, uniq_robin
D:3:      layout_loops_ring, okawaru_trees_2, chequers_hall_statues_y,
          uniq_grinder
D:4:      layout_basic, serial_shops, shop, nicolae_shop_trees, shop_coins,
          ebering_ghost_gozag, nicolae_stop_n_shop_1, kennysheep_crisscross,
          uniq_blork_the_orc, uniq_menkaure, uniq_eustachio
D:5:      layout_basic
D:6:      layout_rooms, uniq_maggie
D:7:      minmay_chambers_of_fours, layout_rooms, minmay_temple_entry_waves,
          serial_shops, nicolae_shop_stone
D:8:      layout_basic, lemuel_doored_altar, evilmike_ruin_ashenzari
D:9:      layout_loops_ring, due_lair_maze_entry_diamond
D:10:     layout_loops_ring, amethyst_overflow_temple_binary
D:11:     minmay_cornered_nines, layout_cave_pods
D:12:     hangedman_cross_veins, layout_basic, orc_0_dummy, minmay_crystal_box,
          uniq_maurice, uniq_gastronok, uniq_nessos, uniq_urug, uniq_nergalle
Temple:   minmay_temple_bridge_d

Notes
Turn   | Place    | Note
-------+----------+-------------------------------------------
     0 | D:1      | mortz the Djinni Conjurer began the quest for the Orb.
     0 | D:1      | Reached XP level 1. HP: 15/15 MP: 0/0
     0 | D:1      | magus.rc [v1.9.6]
   245 | D:1      | Reached XP level 2. HP: 18/21 MP: 0/0
  1053 | D:2      | Reached XP level 3. HP: 16/25 MP: 0/0
  1053 | D:2      | Learned a level 1 spell: Apportation
  1381 | D:2      | Noticed Robin
  1391 | D:2      | Killed Robin
  1391 | D:2      | HP: 6/25 [goblin/+0 dagger[Robin] (2)]
  1392 | D:2      | Reached skill level 4 in Spellcasting
  1392 | D:2      | HP: 2/25 [goblin/+0 dagger[Robin] (3)]
  1774 | D:2      | Reached XP level 4. HP: 14/31 MP: 0/0
  2184 | D:2      | Found Ahom's Armour Emporium.
  2853 | D:3      | Noticed Grinder
  2927 | D:3      | Paralysed by Grinder for 6 turns
  2934 | D:3      | Killed Grinder
  2935 | D:3      | Reached skill level 1 in Fighting
  2935 | D:3      | Reached skill level 1 in Long Blades
  2935 | D:3      | Reached skill level 1 in Maces & Flails
  2935 | D:3      | Reached skill level 2 in Stealth
  2935 | D:3      | Reached XP level 5. HP: 13/37 MP: 0/0
  2935 | D:3      | Learned a level 2 spell: Passwall
  2935 | D:3      | Reached XP level 6. HP: 15/42 MP: 0/0
  3261 | D:3      | Found an iron altar of Okawaru.
  3659 | D:4      | Found Xaycw's Jewellery Emporium.
  3860 | D:4      | Reached skill level 5 in Spellcasting
  3860 | D:4      | Reached XP level 7. HP: 40/48 MP: 0/0
  3860 | D:4      | Learned a level 3 spell: Stone Arrow
  3927 | D:4      | Noticed Menkaure
  3943 | D:4      | Noticed Eustachio
  3960 | D:4      | Noticed Blork the orc
  3984 | D:5      | Entered Level 5 of the Dungeon
  3991 | D:5      | Reached skill level 2 in Fighting
  3991 | D:5      | Reached skill level 1 in Short Blades
  3991 | D:5      | Reached skill level 3 in Stealth
  4115 | D:5      | Noticed a water moccasin
  4623 | D:5      | Identified the +8 short sword of the Saviour {vorpal, *Rage
                  | rElec rN+ Will+++}
  4713 | D:5      | Reached skill level 3 in Dodging
  4922 | D:5      | Killed a water moccasin
  4923 | D:5      | Reached skill level 2 in Short Blades
  4923 | D:5      | Reached XP level 8. HP: 42/55 MP: 0/0
  5113 | D:5      | Reached skill level 3 in Fighting
  5113 | D:5      | Reached skill level 1 in Armour
  5352 | D:6      | Reached skill level 4 in Stealth
  5776 | D:6      | HP: 14/56 [gnoll sergeant/+0 spear (8)]
  6131 | D:6      | Noticed Maggie
  6149 | D:6      | Killed Maggie
  6150 | D:6      | Reached skill level 3 in Short Blades
  6150 | D:6      | Reached skill level 2 in Armour
  6150 | D:6      | Reached skill level 6 in Spellcasting
  6150 | D:6      | Reached XP level 9. HP: 19/62 MP: 0/0
  6150 | D:6      | Learned a level 4 spell: Cause Fear
  6454 | D:6      | Reached skill level 4 in Fighting
  6780 | D:7      | Reached skill level 3 in Armour
  6981 | D:7      | Found a staircase to the Ecumenical Temple.
  6990 | Temple   | Entered the Ecumenical Temple
  7123 | Temple   | Became a worshipper of Makhleb the Destroyer
  7187 | D:7      | Reached skill level 4 in Short Blades
  7385 | D:7      | Found Beothe's Antique Armour Emporium.
  7634 | D:7      | Reached skill level 5 in Fighting
  7780 | D:7      | Noticed a two-headed ogre
  7808 | D:7      | Reached skill level 1 in Shields
  8202 | D:7      | Killed a two-headed ogre
  8203 | D:7      | Reached skill level 4 in Armour
  8203 | D:7      | Reached skill level 7 in Spellcasting
  8203 | D:7      | Reached XP level 10. HP: 36/70 MP: 0/0
  8690 | D:8      | Reached skill level 2 in Shields
  8746 | D:8      | Found a broken altar of Ashenzari.
  9132 | D:8      | HP: 17/71 [bullfrog (5)]
  9134 | D:8      | Reached skill level 4 in Dodging
  9134 | D:8      | Reached * piety under Makhleb
  9944 | D:9      | Reached skill level 5 in Stealth
 10110 | D:9      | Found a staircase to the Lair.
 10145 | D:9      | Reached skill level 8 in Spellcasting
 10246 | D:9      | Reached skill level 5 in Armour
 10576 | D:9      | Reached skill level 3 in Shields
 10583 | D:9      | Reached ** piety under Makhleb
 10584 | D:9      | Reached XP level 11. HP: 51/76 MP: 0/0
 10584 | D:9      | Learned a level 5 spell: Irradiate
 10645 | D:9      | Reached skill level 5 in Dodging
 10859 | D:10     | Entered Level 10 of the Dungeon
 10868 | D:9      | magus.rc [v1.9.6]
 11199 | D:10     | Reached skill level 6 in Fighting
 11336 | D:10     | Noticed a two-headed ogre
 11344 | D:10     | Killed a two-headed ogre
 11345 | D:10     | Reached skill level 5 in Short Blades
 11745 | D:10     | Found a sacrificial altar of Ru.
 11755 | D:10     | Found an ornate altar of the Wu Jian Council.
 11854 | D:11     | Noticed a boulder beetle
 11874 | D:10     | Identified a scroll of acquirement
 11874 | D:10     | Acquired 941 gold pieces
 11957 | D:7      | Bought a spiked helmet for 313 gold pieces
 11957 | D:7      | Identified the +0 helmet "Ezaf" {*Corrode rF+++ Dex+5
                  | Stlth-} (You bought it in a shop on level 7 of the Dungeon)
 12006 | D:4      | Bought a +4 ring of evasion for 432 gold pieces
 12024 | D:4      | Found Raotoy's Armour Shoppe.
 12031 | D:4      | Found Oshryklu's Book Emporium.
 12188 | D:4      | Killed Blork the orc
 12244 | D:4      | Killed Menkaure
 12363 | D:4      | Killed Eustachio
 12635 | D:4      | Found a runed translucent gate.
 12636 | D:4      | Found a runed translucent gate.
 12636 | D:4      | Found a runed translucent gate.
 12637 | D:4      | Found an opulent altar of Gozag.
 12638 | D:4      | Noticed RascalDebosk's ghost (amateur TeAE)
 12653 | D:4      | Killed RascalDebosk's ghost
 12782 | D:4      | Found Zoforgh's Antique Weapon Shop.
 13067 | D:11     | Reached skill level 6 in Armour
 13067 | D:11     | Reached skill level 6 in Dodging
 13067 | D:11     | Reached skill level 9 in Spellcasting
 13091 | D:11     | Noticed a two-headed ogre
 13097 | D:11     | Killed a two-headed ogre
 13098 | D:11     | Reached skill level 4 in Shields
 13299 | D:11     | Noticed a two-headed ogre
 13306 | D:11     | Killed a two-headed ogre
 13616 | D:11     | Noticed a wizard
 13618 | D:11     | Noticed a manticore
 13629 | D:11     | Killed a wizard
 13633 | D:11     | Killed a manticore
 13643 | D:11     | Noticed an ogre mage
 13647 | D:11     | Killed an ogre mage
 13648 | D:11     | Reached XP level 12. HP: 84/84 MP: 0/0
 13980 | D:11     | Killed a boulder beetle
 13981 | D:11     | Reached skill level 10 in Spellcasting
 14008 | D:12     | Noticed a two-headed ogre
 14017 | D:12     | HP: 17/84 [two-headed ogre/+0 giant spiked club (7)]
 14018 | D:12     | Killed a two-headed ogre
 14064 | D:12     | Found a staircase to the Orcish Mines.
 14113 | D:12     | Reached *** piety under Makhleb
 14153 | D:12     | Noticed a centaur warrior
 14165 | D:12     | HP: 14/84 [centaur warrior/arrow (28)]
 14165 | D:12     | Shot with an arrow by a centaur warrior

Vanquished Creatures
  A boulder beetle (D:11)
  An ogre mage (D:11)
  5 two-headed ogres
  2 cyclopes (D:12)
  2 manticores
  Maggie (D:6)
  A tengu conjurer (D:12)
  4 trolls
  Grinder (D:3)
  A shadow (D:9)
  2 wyverns
  2 wraiths
  Eustachio (D:4)
  A vampire mosquito (D:12)
  A steam dragon (D:8)
  Menkaure (D:4)
  An acid dragon (D:9)
  5 water moccasins
  3 black bears
  2 orc warriors
  2 ice beasts
  An ogre (D:5)
  3 necrophages
  2 phantoms
  2 centaurs
  A kobold brigand (D:7)
  5 bullfrogs
  2 gnoll sergeants
  Blork the orc (D:4)
  4 scorpions
  A water moccasin zombie (D:5)
  15 killer bees
  A water moccasin skeleton (D:5)
  7 wights
  7 howler monkeys
  A bullfrog skeleton (D:6)
  3 centaur zombies
  2 jellies
  2 hounds
  7 orc priests
  2 iguanas
  9 orc wizards
  A hound zombie (D:5)
  Robin (D:2)
  2 howler monkey skeletons
  3 adders
  7 gnolls
  3 white imps
  An ufetubus (D:7)
  A worm (D:3)
  A dart slug (D:2)
  23 orcs
  7 endoplasms
  2 giant cockroaches
  12 goblins
  7 hobgoblins
  2 jackals (D:2)
  9 kobolds
  4 quokkas
  4 ball pythons
  6 bats
  4 frilled lizards
  8 rats
226 creatures vanquished.

Vanquished Creatures (others)
  A wizard (D:11)
  The ghost of RascalDebosk the Gusty, an amateur TeAE (D:4)
  A hound (D:4)
  3 fulminant prisms
  34 fungi (D:9)
  32 plants (D:9)
72 creatures vanquished.

Grand Total: 298 creatures vanquished

Table legend:
 A = Non-vault XP
 B = Vault XP
 C = Vault XP percentage of total XP
 D = Non-vault monster count
 E = Vault monster count
 F = Vault count percentage of total count
                 A         B        C        D         E       F
            +---------+---------+-------+---------+---------+-------
      Total |   12432 |    7837 |  38.7 |     186 |      43 |  18.8
            +---------+---------+-------+---------+---------+-------
        D:1 |      22 |       6 |  21.4 |      17 |       3 |  15.0
        D:2 |      40 |      28 |  41.2 |      15 |       9 |  37.5
        D:3 |      16 |     281 |  94.6 |       8 |       1 |  11.1
        D:4 |     302 |     693 |  69.6 |      16 |       6 |  27.3
        D:5 |     710 |       0 |   0.0 |      15 |       0 |   0.0
        D:6 |     640 |     389 |  37.8 |      17 |       1 |   5.6
        D:7 |    1008 |    1128 |  52.8 |      23 |       6 |  20.7
        D:8 |    1050 |       0 |   0.0 |      18 |       0 |   0.0
        D:9 |    1656 |     979 |  37.2 |      23 |       8 |  25.8
       D:10 |    1820 |       0 |   0.0 |      14 |       0 |   0.0
       D:11 |    4319 |    1875 |  30.3 |      19 |       3 |  13.6
       D:12 |     849 |    2458 |  74.3 |       1 |       6 |  85.7
            +---------+---------+-------+---------+---------+-------

Illustrated notes

Table legend:
 A = Kills in this place as a percentage of kills in entire the game.
 B = Kills by you in this place as a percentage of kills by you in the entire game.
 C = Kills by friends in this place as a percentage of kills by friends in the entire game.
 D = Other kills in this place as a percentage of other kills in the entire game.
 E = Experience gained in this place as a percentage of experience gained in the entire game.
 F = Experience gained in this place divided by the number of levels of this place that you have seen.
                   A       B       C       D       E      F
               +-------+-------+-------+-------+-------+----------------------
         Total | 100.0 | 100.0 |   N/A | 100.0 | 100.0 | 1559.2
       Dungeon | 100.0 | 100.0 |   N/A | 100.0 | 100.0 | 1689.1
               +-------+-------+-------+-------+-------+----------------------

Table legend: (Time is in decaauts)
 A = Elapsed time spent in this place.
 B = Non-inter-level travel time spent in this place.
 C = Inter-level travel time spent in this place.
 D = Time resting spent in this place.
 E = Time spent auto-exploring this place.
 F = Levels seen in this place.
 G = Mean time per level.
                   A        B        C        D        E       F      G
               +--------+--------+--------+--------+--------+-----+--------+
         Total |  14231 |  13539 |    692 |   4555 |   6873 |  13 | 1094.7 |
       Dungeon |  14081 |  13389 |    692 |   4555 |   6753 |  12 | 1173.4 |
        Temple |    149 |    149 |      0 |      0 |    120 |   1 |  149.0 |
               +--------+--------+--------+--------+--------+-----+--------+

Top non-repeatable levels by time:
     D:7: 1588 daAuts
     D:5: 1493 daAuts
     D:8: 1380 daAuts
     D:1: 1372 daAuts
     D:6: 1366 daAuts
     D:2: 1324 daAuts
     D:9: 1300 daAuts
     D:4: 1215 daAuts
    D:11: 1070 daAuts
     D:3: 947 daAuts
    D:10: 900 daAuts
  Temple: 149 daAuts
    D:12: 120 daAuts
